 Dungeon Crawl Stone Soup version 0.23-a0-141-g456867d (webtiles) character file.

3130 galech the Grappler (level 9, 0/89 HPs)
             Began as a Troll Monk on Aug 31, 2018.
             Was a Believer of Okawaru.
             Slain by a bullfrog (8 damage)
             ... on level 8 of the Dungeon.
             The game lasted 00:13:03 (5798 turns).

galech the Grappler (Troll Monk)                    Turns: 5798, Time: 00:13:04

Health: 0/89       AC: -2    Str: 24    XL:     9   Next: 61%
Magic:  8/8        EV: 14    Int:  6    God:    Okawaru [**....]
Gold:   482        SH:  0    Dex: 16    Spells: 8/8 levels left

rFire    . . .     SeeInvis +     - Unarmed
rCold    . . .     Gourm    +   (no shield)
rNeg     . . .     Faith    .   a - +0 robe
rPois    .         Spirit   .   (helmet restricted)
rElec    .         Reflect  .   y - +0 cloak
rCorr    .         Harm     .   (gloves unavailable)
MR       .....                  (boots unavailable)
Stlth    ++........             v - amulet of magic regeneration
HPRegen  0.64/turn              s - ring of see invisible
MPRegen  0.36/turn              D - ring of Axkauw {Wiz *Corrode Dex+4}

@: about to teleport, corroded
A: large, unfitting armour, claws 3, fast metabolism 3, gourmand, regeneration
1, shaggy fur 1, tough skin 2
a: Heroism, Renounce Religion


You were on level 8 of the Dungeon.
You worshipped Okawaru.
Okawaru was pleased with you.
You were not hungry.

You visited 2 branches of the dungeon, and saw 9 of its levels.
You also visited: Sewer and Bailey.

You collected 482 gold pieces.

Inventory:

Armour
 a - a +0 robe (worn)
 y - a +0 cloak (worn)
Jewellery
 s - a ring of see invisible (left claw)
 v - an amulet of magic regeneration (around neck)
 D - the ring of Axkauw (right claw) {Wiz *Corrode Dex+4}
   (You found it on level 6 of the Dungeon)

   [ring of wizardry]

   It improves your spell success rate.
   It affects your dexterity (+4).
   It may corrode you when you take damage.
Scrolls
 c - 4 scrolls of teleportation
 d - 2 scrolls of noise
 e - 9 scrolls of remove curse
 h - 2 scrolls of fog
 i - a scroll of random uselessness
 k - 3 scrolls of identify
 q - 2 scrolls of immolation
 r - a scroll of blinking
 w - 2 scrolls of enchant armour
 x - 2 scrolls of fear
Potions
 f - 2 potions of mutation
 g - a potion of experience {unknown}
 j - 2 potions of haste
 m - 4 potions of agility {unknown}
 n - 4 potions of flight {unknown}
 o - 2 potions of curing {unknown}
 p - a potion of cancellation {unknown}
 t - a potion of berserk rage {unknown}
 u - a potion of might {unknown}
 z - 2 potions of heal wounds {unknown}
 A - 2 potions of invisibility {unknown}
 B - 11 potions of degeneration
 C - a potion of brilliance
Comestibles
 b - 21 rations


   Skills:
 + Level 6.2 Fighting
 + Level 6.1 Dodging
 - Level 1.1 Stealth
 * Level 10.0 Unarmed Combat


You had 8 spell levels left.
You didn't know any spells.
Your spell library was empty.

Dungeon Overview and Level Annotations

Branches:
Dungeon (8/15)             Temple (1/1) D:6            Lair (0/6) D:8

Altars:
Cheibriados
Dithmenos
Elyvilon
Fedhas
Gozag
Hepliaklqana
Kikubaaqudgha
Makhleb
Nemelex Xobeh
Okawaru
Qazlal
Ru
Trog
Uskayaw
Wu Jian
Xom
Yredelemnul
Zin
The Shining One

Shops:
D:4 }[[=}   D:6 :(   D:7 [


Innate Abilities, Weirdness & Mutations

You are too large for most types of armour.
You have claws for hands.
Your metabolism is lightning-fast.
You like to eat raw meat.
Your natural rate of healing is unusually fast.
You are covered in fur. (AC +1)
You have very tough skin. (AC +2)


Message History

The bullfrog croaks.
The bullfrog gives a loud, deep croak!
An orc wizard comes into view. It is wielding a dagger. x2
The bullfrog hits you.
* * * LOW HITPOINT WARNING * * *
You see here a book of Misfortune.
The orc wizard shouts!
The bullfrog closely misses you.
An orc comes into view. It is wielding a dagger.
The orc completely misses you. The orc hits you.
* * * LOW HITPOINT WARNING * * *
The bullfrog hits you!
* * * LOW HITPOINT WARNING * * *
The orc misses you. The bullfrog hits you.
* * * LOW HITPOINT WARNING * * *
As you read the scroll of teleportation, it crumbles to dust.
You feel strangely unstable. The bullfrog hits you!
You die...

*,,*,..#...##........#..# #†.#
*,,,,,.............#..?.*##..#
*****#.,...........#..#**#.o.#
******..o###...........####.#.###
*,,,,,.#....<:......##..##..#.#..
,,,,,,....o................##....
,***,,.........ooo#######...##...
,,≈,,,#.......FFo#######......#..
*,,,*,.###......@................
*,,,**,#..............####.####..
,,,,,,,#..##......>.[.####.# #..
,,>,,,≈###*#..........(....# #..
,,,,,,,****#...........#.### #..
*,,,**,*,,*#..#######..#.# *..
*,,,*,,*,,*#..#.....#.##.# ***
,,≈,,,*,,,*#..#....)####.#
,***,,,,,,****#..∩.))....#


You could see 2 bullfrogs, an orc wizard and 4 orcs.

Vanquished Creatures
  An ugly thing (D:7)
  Sigmund (D:3)
  Menkaure (D:6)
  3 sky beasts
  A black bear (D:7)
  A centaur (D:7)
  A crocodile (Sewer)
  3 bullfrogs
  A gnoll sergeant (D:5)
  A scorpion (D:3)
  3 wights
  2 howler monkeys (D:6)
  3 crimson imps
  3 bullfrog zombies
  2 hounds
  3 orc priests
  A bullfrog skeleton (D:6)
  A centaur skeleton (D:6)
  10 orc wizards
  A gnoll shaman (D:5)
  11 worker ants
  2 iguanas
  2 howler monkey zombies
  Robin (D:3)
  13 gnolls
  3 worker ant zombies
  9 adders
  An ooze (D:3)
  An adder zombie (D:5)
  3 worms (D:2)
  3 dart slugs
  2 leopard geckos
  22 orcs
  5 bats
  8 giant cockroaches
  5 hobgoblins
  18 jackals
  8 kobolds
  A quokka (D:5)
  6 frilled lizards
  20 goblins
  4 rats
191 creatures vanquished.

Notes
Turn   | Place    | Note
-------+----------+-------------------------------------------
     0 | D:1      | galech the Troll Monk began the quest for the Orb.
     0 | D:1      | Reached XP level 1. HP: 22/22 MP: 0/0
   128 | D:1      | Reached XP level 2. HP: 29/29 MP: 1/1
   516 | D:2      | Reached XP level 3. HP: 18/36 MP: 2/2
   623 | D:2      | Found a faded altar of an unknown god.
   637 | D:2      | Noticed an angel
   639 | D:2      | Found a shimmering altar of Xom.
   640 | D:2      | Found a glowing silver altar of Zin.
   649 | D:2      | Reached XP level 4. HP: 40/45 MP: 3/3
   717 | D:2      | Reached skill level 4 in Unarmed Combat
   745 | D:2      | Found an opulent altar of Gozag.
  1158 | D:3      | Noticed Robin
  1233 | D:3      | Killed Robin
  1362 | D:3      | Reached XP level 5. HP: 47/53 MP: 4/4
  1397 | D:3      | Noticed Sigmund
  1398 | D:3      | Found a blossoming altar of Fedhas.
  1405 | D:3      | Killed Sigmund
  1405 | D:3      | Reached skill level 5 in Unarmed Combat
  1405 | D:3      | Reached XP level 6. HP: 56/62 MP: 5/5
  1753 | D:4      | Found Motsead's Jewellery Boutique.
  1756 | D:4      | Found Danan's Antique Armour Shoppe.
  1886 | D:4      | Found Ceis's Gadget Emporium.
  1924 | D:4      | Found a hide-covered altar of Uskayaw.
  2228 | D:3      | Reached XP level 7. HP: 70/70 MP: 6/6
  2240 | D:4      | Reached skill level 6 in Unarmed Combat
  2506 | D:4      | Found Kaakly's Gadget Boutique.
  2574 | D:4      | Found Pophof's Antique Armour Shoppe.
  2668 | D:5      | Entered Level 5 of the Dungeon
  2892 | D:5      | Reached skill level 7 in Unarmed Combat
  2930 | D:5      | Found a glowing drain.
  2958 | Sewer    | Entered a sewer
  3035 | Sewer    | Reached XP level 8. HP: 47/79 MP: 7/7
  3125 | Sewer    | Got a crystal rapier
  3126 | Sewer    | Identified the +0 rapier "Wucug" {pierce, rF+} (You found
                  | it in a sewer)
  3377 | D:6      | Noticed Menkaure
  3386 | D:6      | Killed Menkaure
  3386 | D:6      | Reached skill level 5 in Fighting
  3568 | D:5      | Reached skill level 8 in Unarmed Combat
  3714 | D:6      | Reached skill level 5 in Dodging
  3721 | D:6      | Got a slimy copper ring
  3722 | D:6      | Identified the ring of Axkauw {Wiz *Corrode Dex+4} (You
                  | found it on level 6 of the Dungeon)
  3899 | D:6      | Found Irghupt's Antique Weapon Boutique.
  4010 | D:6      | Found Yrijig's Book Shop.
  4064 | D:6      | Found a staircase to the Ecumenical Temple.
  4525 | D:7      | Found a glowing golden altar of the Shining One.
  4530 | D:7      | Found a stormy altar of Qazlal.
  4530 | D:7      | Found an ancient bone altar of Kikubaaqudgha.
  4532 | D:7      | Noticed a cyan ugly thing
  4539 | D:7      | Reached XP level 9. HP: 87/88 MP: 8/8
  4604 | D:7      | Found a blossoming altar of Fedhas.
  4615 | D:7      | Reached skill level 9 in Unarmed Combat
  4889 | Temple   | Entered the Ecumenical Temple
  4919 | Temple   | Became a worshipper of Warmaster Okawaru
  4919 | Temple   | Reached * piety under Okawaru
  4919 | Temple   | Reached ** piety under Okawaru
  5200 | D:7      | Found a bloodstained altar of Trog.
  5238 | D:7      | Found Gastriruq's Antique Armour Emporium.
  5289 | D:7      | Found a burning altar of Makhleb.
  5293 | D:7      | Found a hazy altar of Hepliaklqana.
  5426 | D:7      | Killed a cyan ugly thing
  5547 | D:8      | Found a flagged portal.
  5611 | Bailey   | Entered a bailey
  5777 | D:8      | Reached skill level 10 in Unarmed Combat
  5798 | D:8      | Slain by a bullfrog

Vault maps used:
D:1:      minmay_arrival_five_plusses
D:2:      grunt_temple_overflow_order_and_chaos_1, nicolae_gozag_seed_capital,
          chequers_ecumenical_altar_twisty
D:3:      first_ration, fedhas_altar_1, uniq_sigmund, uniq_robin
D:4:      overflow_temple_1_default, serial_shops, shop,
          nicolae_shop_statue_plus, shop, shop, shop
D:5:      gup_sewer_entry_glass
D:6:      minmay_temple_entry_from_below_a, serial_shops, kennysheep_mini_moat,
          shop, uniq_menkaure
D:7:      chequers_temple_overflow_statue_of_worship, minitemple,
          overflow_temple_1_default, serial_shops, nicolae_shop_crystal,
          kennysheep_generic_room_14
D:8:      vehumet_crystals, dpeg_oklobed_lair, enter_bailey_7, basic_altar
Temple:   eino_wide_crystal_templ
Sewer:    sewer_the_crocodile
Bailey:   bailey_polearm_4, bailey

Skill      XL: |  1  2  3  4  5  6  7  8  9 |
---------------+----------------------------+-----
Fighting       | 3 4 5 6 |  6.2
Unarmed Combat | 4 5 7 8 10 | 10.0
Dodging        | 3 4 5 6 |  6.1
Stealth        | |  1.1

Action                   |  1- 3 |  4- 6 |  7- 9 || total
-------------------------+-------+-------+-------++-------
Melee: Unarmed           |    65 |   148 |   401 ||   614
       Punch             |     1 |     4 |    15 ||    20
Invok: Heroism           |       |       |     2 ||     2
  Use: Scroll            |       |       |    14 ||    14
 Stab: Sleeping          |     1 |     1 |     3 ||     5
  Eat: Chunk             |    11 |    14 |    29 ||    54
Armor: Robe              |    20 |    59 |   106 ||   185
Dodge: Dodged            |    28 |    83 |   275 ||   386

Table legend:
 A = Non-vault XP
 B = Vault XP
 C = Vault XP percentage of total XP
 D = Non-vault monster count
 E = Vault monster count
 F = Vault count percentage of total count
                 A         B        C        D         E       F
            +---------+---------+-------+---------+---------+-------
      Total |    3858 |     614 |  13.7 |     163 |      28 |  14.7
            +---------+---------+-------+---------+---------+-------
        D:1 |      28 |       0 |   0.0 |      16 |       0 |   0.0
        D:2 |      93 |      16 |  14.7 |      17 |       8 |  32.0
        D:3 |     272 |     254 |  48.3 |      30 |       6 |  16.7
        D:4 |     434 |       0 |   0.0 |      17 |       0 |   0.0
        D:5 |     584 |      17 |   2.8 |      27 |       3 |  10.0
        D:6 |     717 |     183 |  20.3 |      20 |       1 |   4.8
        D:7 |    1439 |       0 |   0.0 |      27 |       0 |   0.0
        D:8 |     291 |      32 |   9.9 |       9 |       4 |  30.8
      Sewer |       0 |     112 | 100.0 |       0 |       6 | 100.0
            +---------+---------+-------+---------+---------+-------
